 Dungeon Crawl Stone Soup version 0.20.0-15-g7f486f2 (webtiles) character file.

115 Extreminator the Stinger (level 5, 0/29 HPs)
             Began as a Gargoyle Venom Mage on June 10, 2017.
             Slain by a worm (7 damage)
             ... on level 3 of the Dungeon.
             The game lasted 00:26:05 (2701 turns).

Extreminator the Stinger (Gargoyle Venom Mage)      Turns: 2701, Time: 00:26:05

Health: 0/29       AC:  7    Str: 16    XL:     5   Next: 0%
Magic:  1/9        EV: 12    Int: 16    God:
Gold:   161        SH:  0    Dex: 10    Spells: 7/10 levels left

rFire    . . .     SeeInvis .   h - +0 whip
rCold    . . .     Gourm    .   (no shield)
rNeg     + + .     Faith    +   a - +0 robe
rPois    ∞         Spirit   .   (no helmet)
rElec    +         Reflect  .   (no cloak)
rCorr    .         Harm     .   (no gloves)
MR       .....                  e - +0 pair of boots
Stlth    ++........             q - amulet of faith
Regen    0.1/turn               k - +4 ring of strength
MPRegen  0.2/turn               i - ring of positive energy

@: very slightly contaminated
A: negative energy resistance 1, electricity resistance, unbreathing,
petrification resistance, rot immunity, AC +4
a: no special abilities


You were on level 3 of the Dungeon.
You were not hungry.

You visited 1 branch of the dungeon, and saw 3 of its levels.

You collected 161 gold pieces.

Inventory:

Hand Weapons
 f - a +0 spear
 h - a +0 whip (weapon)
 u - a +0 club
Missiles
 g - 44 stones (quivered)
 m - 4 tomahawks of returning
Armour
 a - a +0 robe (worn)
 e - a +0 pair of boots (worn)
Jewellery
 i - a ring of positive energy (right hand)
 k - a +4 ring of strength (left hand)
 n - an uncursed ring of protection from fire {unknown}
 q - an amulet of faith (around neck)
 r - an uncursed ring of protection from cold
Scrolls
 d - a scroll of fear
 l - a scroll of immolation {unknown}
 p - a scroll of identify
 s - a scroll of teleportation
Potions
 o - a potion of brilliance {unknown}
 t - a potion of lignification
Books
 b - a Young Poisoner's Handbook

   Spells                             Type                      Level
   a - Sting                          Conjuration/Poison           1
   b - Poisonous Vapours              Poison/Air                   2
   c - Mephitic Cloud                 Conjuration/Poison/Air       3
   d - Olgreb's Toxic Radiance        Poison                       4
   e - Venom Bolt                     Conjuration/Poison           5
Comestibles
 c - 2 bread rations


   Skills:
 + Level 1.0 Fighting
 + Level 0.2 Maces & Flails
 - Level 1.0 Polearms
 - Level 1.5 Dodging
 + Level 2.5 Stealth
 + Level 3.0 Spellcasting
 + Level 2.1 Conjurations
 - Level 0.1 Air Magic
 + Level 3.7 Poison Magic


You had 7 spell levels left.
You knew the following spells:

 Your Spells              Type           Power        Failure   Level  Hunger
a - Sting                 Conj/Pois      ##..         5%          1    #......
b - Poisonous Vapours     Pois/Air       #.....       13%         2    ##.....


Dungeon Overview and Level Annotations

Branches:
Dungeon (3/15)

Altars:


Innate Abilities, Weirdness & Mutations

You are resistant to torment.
Your stone body is resilient. (AC +4)
You are immune to poison.
You resist negative energy. (rN+)
You are resistant to electric shocks. (rElec)
You can survive without breathing.
You are immune to petrification.
You are immune to rotting.


Message History

You hit the worm but do no damage.
The worm is lightly wounded.
Casting: Sting
Confirm with . or Enter, or press ? or * to list all spells.
Aiming: Sting
Press: ? - help, Shift-Dir - straight line, f/p - worm
Aim: a worm (lightly wounded)
The sting hits the worm.
The worm is poisoned.
The worm is moderately wounded.
The worm bites you.
You hit the worm but do no damage.
The worm is moderately wounded.
The worm bites you!
* * * LOW HITPOINT WARNING * * *
You barely miss the worm.
The worm is moderately wounded.
You barely miss the worm.
The worm is moderately wounded.
The worm bites you!
You die...

.# .# .# ## .#
#.. .# #.# ##.#
#.# #..# #.#
#w# #.# #@# #..
##.# #.. ###..#
##.# #...##
#..# #.###
####### ###...
#.#
#.....####....#
##.#
#.....#.....#..
#..#
#.)...........#
##.##
#.....[.......#


You could see a worm.

Vanquished Creatures
  5 adders (D:2)
  An ooze (D:2)
  A worm (D:2)
  A dart slug (D:2)
  3 leopard geckos
  8 bats
  2 giant cockroaches
  11 goblins
  6 hobgoblins
  2 jackals (D:2)
  7 kobolds
  2 quokkas (D:2)
  3 frilled lizards
  5 rats
57 creatures vanquished.

Notes
Turn   | Place    | Note
-------+----------+-------------------------------------------
     0 | D:1      | Extreminator the Gargoyle Venom Mage began the quest for the Orb.
     0 | D:1      | Reached XP level 1. HP: 10/10 MP: 3/3
   224 | D:1      | Reached XP level 2. HP: 14/15 MP: 0/5
   297 | D:1      | Learned a level 2 spell: Poisonous Vapours
   840 | D:1      | Reached XP level 3. HP: 19/19 MP: 3/6
  1413 | D:2      | Reached skill level 1 in Polearms
  1475 | D:2      | Reached XP level 4. HP: 13/24 MP: 5/8
  2252 | D:2      | Reached skill level 1 in Fighting
  2631 | D:3      | Reached XP level 5. HP: 29/29 MP: 2/9
  2701 | D:3      | Slain by a worm

Skill      XL: |  1  2  3  4 |
---------------+-------------+-----
Polearms       | 1 |  1.0
Conjurations   | 2 |  2.1
Fighting       | 1 |  1.0
Spellcasting   | 3 |  3.0
Maces & Flails | |  0.2
Dodging        | |  1.5
Stealth        | |  2.5
Air Magic      | |  0.1
Poison Magic   | |  3.7

Action                   |  1- 3 |  4- 6 || total
-------------------------+-------+-------++-------
Melee: Unarmed           |     5 |       ||     5
       Spear             |    37 |       ||    37
       Whip              |    18 |    18 ||    36
       Hunting sling     |       |    18 ||    18
 Fire: Hunting sling     |       |    18 ||    18
 Cast: Sting             |    42 |    57 ||    99
       Poisonous Vapours |     2 |     4 ||     6
  Use: Scroll            |       |     7 ||     7
       Potion            |       |     3 ||     3
  Eat: Chunk             |     3 |     2 ||     5
       Royal jelly       |       |     1 ||     1
Armor: Robe              |    30 |    44 ||    74
Dodge: Dodged            |    59 |    62 ||   121
